 Dungeon Crawl Stone Soup version 0.22-a0-322-g60b3cfd (webtiles) character file.

550 Goblin1989 the Insei (level 7, 0/52 HPs)
             Began as a Gnoll Transmuter on Apr 4, 2018.
             Slain by a sky beast (6 damage)
             ... on level 5 of the Dungeon.
             The game lasted 00:13:38 (5675 turns).

Goblin1989 the Insei (Gnoll Transmuter)             Turns: 5675, Time: 00:13:39

Health: 0/52       AC:  4    Str: 12    XL:     7   Next: 29%
Magic:  15/15      EV: 15    Int: 17    God:
Gold:   166        SH:  0    Dex: 16    Spells: 7/17 levels left

rFire    . . .     SeeInvis .     - Unarmed
rCold    . . .     Gourm    .   (no shield)
rNeg     . . .     Faith    .   b - +0 robe
rPois    .         Spirit   .   (no helmet)
rElec    .         Reflect  .   F - +1 cloak {+Inv}
rCorr    .         Harm     .   (no gloves)
MR       .....                  (no boots)
Stlth    ++........             (no amulet)
HPRegen  0.17/turn              (no ring)
MPRegen  0.14/turn              (no ring)

@: no status effects
A: distributed training, fangs 1, strong nose
a: Evoke Invisibility


You were on level 5 of the Dungeon.
You were not hungry.

You visited 1 branch of the dungeon, and saw 5 of its levels.

You collected 166 gold pieces.

Inventory:

Hand Weapons
 w - a cursed -3 blowgun {@w1}
Missiles
 a - 88 arrows
 k - 192 stones (quivered) {@Q3}
 l - 18 poisoned needles
 u - 30 bolts
 y - 20 sling bullets
 z - 7 curare-tipped needles
Armour
 b - a +0 robe (worn)
 o - a +0 buckler
 F - a +1 cloak of invisibility (worn)
Jewellery
 j - a +3 ring of evasion {unknown}
Scrolls
 g - 4 scrolls of enchant weapon {unknown}
 h - 4 scrolls of identify {unknown}
 i - a scroll of magic mapping {unknown}
 q - 2 scrolls of noise {unknown}
 r - 2 scrolls of amnesia {unknown}
 s - a scroll of remove curse {unknown}
 t - a scroll of fog {unknown}
 v - a scroll of teleportation {unknown}
 E - a scroll of blinking {unknown}
Potions
 d - 3 potions of agility {unknown}
 m - a potion of berserk rage {unknown}
 A - 3 potions of might {unknown}
 C - a potion of curing {unknown}
 D - a potion of flight {unknown}
Comestibles
 e - 6 rations


   Skills:
 + Level 3.5 Fighting
 + Level 2.3 Short Blades
 + Level 2.3 Long Blades
 + Level 2.3 Axes
 + Level 2.3 Maces & Flails
 + Level 2.3 Polearms
 + Level 2.3 Staves
 + Level 2.3 Slings
 + Level 2.3 Bows
 + Level 2.3 Crossbows
 + Level 2.3 Throwing
 + Level 2.3 Armour
 + Level 5.2 Dodging
 + Level 2.3 Stealth
 + Level 2.3 Shields
 + Level 7.0 Unarmed Combat
 + Level 5.5 Spellcasting
 + Level 1.9 Conjurations
 + Level 1.9 Hexes
 + Level 1.9 Charms
 + Level 1.9 Summonings
 + Level 1.9 Necromancy
 + Level 1.9 Translocations
 + Level 4.2 Transmutations
 + Level 1.9 Fire Magic
 + Level 1.9 Ice Magic
 + Level 1.9 Air Magic
 + Level 1.9 Earth Magic
 + Level 1.9 Poison Magic
 + Level 2.6 Invocations
 + Level 2.3 Evocations


You had 7 spell levels left.
You knew the following spells:

 Your Spells              Type           Power        Failure   Level  Hunger
a - Beastly Appendage     Tmut           ###...       2%          1    None
b - Sticks to Snakes      Tmut           ###.....     3%          2    #......
c - Spider Form           Tmut/Pois      ###.......   11%         3    ##.....
d - Ice Form              Ice/Tmut       ###.....     36%         4    ####...


Dungeon Overview and Level Annotations

Branches:
Dungeon (5/15)
 Temple: D:4-7

Altars:
Hepliaklqana
Yredelemnul

Annotations:
D:3 1 runed door


Innate Abilities, Weirdness & Mutations

Your experience applies equally to all skills.
You have very sharp teeth.
Your uncanny sense of smell can sniff out nearby items.


Message History

There is an open door here.
There is an escape hatch in the floor here.
You regained 6 hp, and now have 35/52 hp.
You regained 5 mp, and now have 13/15 mp.
There is an open door here.
There is a stone staircase leading down here.
You regained 5 hp, and now have 40/52 hp.
MP restored: 15 You climb downwards.
You are starving!
Found a stone staircase leading up.
There is a stone staircase leading up here.
Okay, then.
Drop what? 26/52 slots (_ for help) (? for menu, Esc to quit)
You drop 6 rations.
You become a pearl dragon!
Welcome back, Goblin1989 the Gnoll Transmuter.
Press ? for a list of commands and other information.
e - 6 rations;
d - 3 golden potions You eat one of the 6 rations.
That ration really hit the spot!
HP restored.
Found a hazy altar of Hepliaklqana.
Health restored: 52
e - 6 rations (gained 1)
A sky beast comes into view.
You see here a scroll labeled HEG DILIB.
You see here a ration.
The sky beast hits you. The sky beast shocks you.
You take 7 damage, and have 45/52 hp.
You hit the sky beast but do no damage. The sky beast hits you.
The sky beast shocks you.
You take 6 damage, and have 39/52 hp.
You closely miss the sky beast. The sky beast closely misses you.
You hit the sky beast.
The sky beast is lightly wounded.
The sky beast closely misses you.
You hit the sky beast.
The sky beast is lightly wounded.
The sky beast barely misses you.
You barely miss the sky beast. Your bite misses the sky beast.
The sky beast is lightly wounded.
The sky beast hits you but does no damage.
You barely miss the sky beast.
You bite the sky beast, but do no damage.
The sky beast is lightly wounded.
The sky beast flickers out of sight!
Deactivating autopickup; reactivate with Ctrl-A.
Something hits you. Something shocks you.
You take 9 damage, and have 30/52 hp.
You see here a ration.
A sky beast appears from thin air!
Reactivating autopickup.
You barely miss the sky beast.
The sky beast is lightly wounded.
The sky beast misses you.
You closely miss the sky beast.
The sky beast is lightly wounded.
You hit the sky beast but do no damage.
The sky beast is lightly wounded.
The sky beast hits you. The sky beast shocks you.
* * * LOW HITPOINT WARNING * * *
You take 9 damage, and have 22/52 hp.
You hit the sky beast.
The sky beast is moderately wounded.
The sky beast misses you.
You punch the sky beast!
The sky beast is heavily wounded.
The sky beast hits you but does no damage.
You completely miss the sky beast.
The sky beast is heavily wounded.
The sky beast barely misses you.
You hit the sky beast.
The sky beast is heavily wounded.
The sky beast hits you.
* * * LOW HITPOINT WARNING * * *
The sky beast shocks you.
* * * LOW HITPOINT WARNING * * *
You take 7 damage, and have 16/52 hp.
You hit the sky beast.
The sky beast is heavily wounded.
The sky beast closely misses you.
You hit the sky beast.
The sky beast is severely wounded.
The sky beast barely misses you.
You hit the sky beast.
The sky beast is almost dead.
The sky beast hits you.
* * * LOW HITPOINT WARNING * * *
The sky beast shocks you.
* * * LOW HITPOINT WARNING * * *
You take 8 damage, and have 8/52 hp.
You closely miss the sky beast.
The sky beast is almost dead.
You hit the sky beast.
You bite the sky beast, but do no damage.
The sky beast is almost dead.
The sky beast hits you.
* * * LOW HITPOINT WARNING * * *
The sky beast shocks you.
You die...

..... ██
█.█.███.
█.......
█.█....██
█.%.....█ ∆
█....█ ......█%█
██.██.█Y█
█.██.█@█
█....?.█
████.███
███████.███████
█........█.....
█.█.█.<....█
█..⌂.......█
███.█......███.█
█......█.<...█


You could see a sky beast.

Vanquished Creatures
  The ghost of anet the Magician, an amateur GnWz (D:3)
  2 phantoms (D:4)
  A scorpion (D:4)
  Crazy Yiuf (D:4)
  A worker ant (D:4)
  6 adders
  An adder zombie (D:2)
  3 worms
  3 dart slugs
  2 leopard geckos (D:1)
  2 orcs
  A ball python (D:1)
  3 giant cockroaches
  2 goblins
  10 hobgoblins
  8 jackals
  A quokka (D:3)
  11 bats
  5 frilled lizards
  6 kobolds
  A kobold skeleton (D:3)
  7 rats
78 creatures vanquished.

Notes
Turn   | Place    | Note
-------+----------+-------------------------------------------
     0 | D:1      | Goblin1989 the Gnoll Transmuter began the quest for the Orb.
     0 | D:1      | Reached XP level 1. HP: 17/17 MP: 6/6
    67 | D:1      | Reached XP level 2. HP: 9/23 MP: 5/7
    84 | D:1      | Learned a level 2 spell: Sticks to Snakes
   510 | D:1      | Reached XP level 3. HP: 28/28 MP: 9/9
   856 | D:1      | Reached skill level 5 in Spellcasting
  1434 | D:2      | Learned a level 3 spell: Spider Form
  1586 | D:2      | Reached skill level 1 in Invocations
  1677 | D:2      | Reached skill level 1 in Short Blades
  1677 | D:2      | Reached skill level 1 in Long Blades
  1677 | D:2      | Reached skill level 1 in Axes
  1677 | D:2      | Reached skill level 1 in Maces & Flails
  1677 | D:2      | Reached skill level 1 in Polearms
  1677 | D:2      | Reached skill level 1 in Staves
  1677 | D:2      | Reached skill level 1 in Slings
  1677 | D:2      | Reached skill level 1 in Bows
  1677 | D:2      | Reached skill level 1 in Crossbows
  1677 | D:2      | Reached skill level 1 in Throwing
  1677 | D:2      | Reached skill level 1 in Armour
  1677 | D:2      | Reached skill level 1 in Stealth
  1677 | D:2      | Reached skill level 1 in Shields
  1677 | D:2      | Reached skill level 1 in Evocations
  1677 | D:2      | Reached XP level 4. HP: 34/34 MP: 7/11
  2304 | D:2      | Reached skill level 1 in Conjurations
  2304 | D:2      | Reached skill level 1 in Hexes
  2304 | D:2      | Reached skill level 1 in Charms
  2304 | D:2      | Reached skill level 1 in Summonings
  2304 | D:2      | Reached skill level 1 in Necromancy
  2304 | D:2      | Reached skill level 1 in Translocations
  2304 | D:2      | Reached skill level 1 in Fire Magic
  2304 | D:2      | Reached skill level 1 in Ice Magic
  2304 | D:2      | Reached skill level 1 in Air Magic
  2304 | D:2      | Reached skill level 1 in Earth Magic
  2304 | D:2      | Reached skill level 1 in Poison Magic
  2311 | D:2      | Learned a level 4 spell: Ice Form
  2663 | D:3      | Reached XP level 5. HP: 26/40 MP: 8/12
  2978 | D:3      | Noticed anet's ghost (amateur GnWz)
  3077 | D:3      | Killed anet's ghost
  3077 | D:3      | Reached XP level 6. HP: 47/47 MP: 10/13
  3459 | D:3      | Found a runed door.
  3460 | D:3      | Noticed a human
  3466 | D:3      | Found a basalt altar of Yredelemnul.
  3678 | D:4      | Noticed a phantom
  4068 | D:4      | Noticed a phantom
  4183 | D:4      | Found a runed door.
  4741 | D:4      | Killed a phantom
  4741 | D:4      | Reached skill level 5 in Dodging
  5366 | D:4      | Killed a phantom
  5366 | D:4      | Reached skill level 7 in Unarmed Combat
  5366 | D:4      | Reached XP level 7. HP: 39/52 MP: 15/15
  5485 | D:4      | Noticed Crazy Yiuf
  5492 | D:4      | Killed Crazy Yiuf
  5571 | D:5      | Entered Level 5 of the Dungeon
  5638 | D:5      | Found a hazy altar of Hepliaklqana.
  5675 | D:5      | Slain by a sky beast

Vault maps used:
D:1:      dpeg_arrival_arbitrary_c
D:2:      minmay_misc_feat_enclosed, nrook_uturn
D:3:      first_ration, hangedman_abyss_or_decor_stabs,
          minmay_misc_feat_diagonals, dk_yredelemnul_ordeal
D:4:      minivault_26, uniq_crazy_yiuf_cottage
D:5:      nicolae_overflow_quartered_altars, lemuel_crystal_altar,
          minmay_temple_entry_statues_fountains, basic_altar,
          kennysheep_generic_room_2, uniq_ijyb

Skill      XL: |  1  2  3  4  5  6 |
---------------+-------------------+-----
Spellcasting   | 5 |  5.5
Invocations    | 1 2 |  2.6
Short Blades   | 1 2 |  2.3
Long Blades    | 1 2 |  2.3
Axes           | 1 2 |  2.3
Maces & Flails | 1 2 |  2.3
Polearms       | 1 2 |  2.3
Staves         | 1 2 |  2.3
Slings         | 1 2 |  2.3
Bows           | 1 2 |  2.3
Crossbows      | 1 2 |  2.3
Throwing       | 1 2 |  2.3
Armour         | 1 2 |  2.3
Stealth        | 1 2 |  2.3
Shields        | 1 2 |  2.3
Evocations     | 1 2 |  2.3
Conjurations   | 1 |  1.9
Hexes          | 1 |  1.9
Charms         | 1 |  1.9
Summonings     | 1 |  1.9
Necromancy     | 1 |  1.9
Translocations | 1 |  1.9
Fire Magic     | 1 |  1.9
Ice Magic      | 1 |  1.9
Air Magic      | 1 |  1.9
Earth Magic    | 1 |  1.9
Poison Magic   | 1 |  1.9
Fighting       | 3 |  3.5
Transmutations | 4 |  4.2
Dodging        | 5 |  5.2
Unarmed Combat | 7 |  7.0

Action                   |  1- 3 |  4- 6 |  7- 9 || total
-------------------------+-------+-------+-------++-------
Melee: Unarmed           |    67 |   171 |    24 ||   262
       Bite              |     6 |    12 |     2 ||    20
       Headbutt          |     1 |       |       ||     1
       Punch             |       |     6 |       ||     6
 Cast: Beastly Appendage |     2 |       |       ||     2
       Spider Form       |     2 |     6 |       ||     8
       Ice Form          |       |     1 |       ||     1
 Stab: Sleeping          |     6 |     8 |       ||    14
  Eat: Chunk             |     2 |     8 |       ||    10
       Ration            |       |     1 |     1 ||     2
Armor: Robe              |     6 |    15 |     2 ||    23
       Skin              |     1 |     1 |       ||     2
Dodge: Dodged            |    31 |   111 |    10 ||   152

Table legend:
 A = Spawn XP
 B = Non-spawn XP
 C = Spawn XP percentage of total XP
 D = Spawn monster count
 E = Non-spawn monster count
 F = Spawn count percentage of total count
 G = Total turns spent on level
                    A         B        C        D         E        F      G
               +---------+---------+-------+---------+---------+-------+---------
         Total |       0 |     786 |   0.0 |       0 |      78 |   0.0 |  5675
               +---------+---------+-------+---------+---------+-------+---------
           D:1 |       0 |      42 |   0.0 |       0 |      24 |   0.0 |  1303
           D:2 |       0 |     110 |   0.0 |       0 |      24 |   0.0 |  1255
           D:3 |       0 |     223 |   0.0 |       0 |      20 |   0.0 |  1375
           D:4 |       0 |     411 |   0.0 |       0 |      10 |   0.0 |  1638
               +---------+---------+-------+---------+---------+-------+---------

Vault maps used:
D:1:      dpeg_arrival_arbitrary_c
D:2:      minmay_misc_feat_enclosed, nrook_uturn
D:3:      first_ration, hangedman_abyss_or_decor_stabs,
          minmay_misc_feat_diagonals, dk_yredelemnul_ordeal
D:4:      minivault_26, uniq_crazy_yiuf_cottage
D:5:      nicolae_overflow_quartered_altars, lemuel_crystal_altar,
          minmay_temple_entry_statues_fountains, basic_altar,
          kennysheep_generic_room_2, uniq_ijyb
